 Dungeon Crawl Stone Soup version 0.20-a0-1000-g0e8f6bb (console) character file.

4517 vuev the Thaumaturge (level 10, -5/53 HPs)
             Began as a Deep Elf Conjurer on Apr 12, 2017.
             Slain by an unseen horror (8 damage)
             ... on level 8 of the Dungeon.
             The game lasted 00:17:23 (11051 turns).

vuev the Thaumaturge (Deep Elf Conjurer)           Turns: 11051, Time: 00:17:23

Health: -5/53      AC:  6    Str:  5    XL:     10   Next: 16%
Magic:  32/43      EV: 16    Int: 32    God:
Gold:   430        SH:  2    Dex: 15    Spells: 18/33 levels left

rFire    . . .     SeeInvis .   L - staff of power
rCold    + . .     Gourm    .   (no shield)
rNeg     + . .     Faith    .   S - +2 robe {Archmagi}
rPois    .         Spirit   .   q - +0 helmet
rElec    .         Reflect  +   t - scarf {rC+}
rCorr    .         Harm     .   (no gloves)
MR       +....                  H - +0 pair of boots
Stlth    ++........             n - +2 amulet of reflection
Regen    0.2/turn               u - +3 ring of intelligence
MPRegen  0.3/turn               k - ring of positive energy

@: brilliant
A: no striking features
a: no special abilities


You were on level 8 of the Dungeon.
You were not hungry.

You visited 1 branch of the dungeon, and saw 8 of its levels.
You also visited: Ossuary.

You collected 430 gold pieces.

Inventory:

Armour
 a - a +0 robe
 p - a +0 cloak
 q - a +0 helmet (worn)
 t - a scarf of cold resistance (worn)
 H - a +0 pair of boots (worn)
 S - a +2 robe of the Archmagi (worn)
Magical Staves
 L - an uncursed staff of power (weapon)
Jewellery
 k - a ring of positive energy (right hand)
 n - a +2 amulet of reflection (around neck)
 u - a +3 ring of intelligence (left hand)
Wands
 j - a wand of disintegration (3/24)
 v - a wand of polymorph (12/24)
 x - a wand of random effects (19/48)
 z - a wand of flame (21/48)
 E - a wand of digging (8/24)
 G - a wand of digging (11/24)
 I - a wand of digging (3/24)
 K - a wand of acid (13/15)
Scrolls
 e - 9 scrolls of identify
 f - 6 scrolls of teleportation
 m - 2 scrolls of magic mapping
 s - 2 scrolls of enchant weapon
 y - a scroll of fear {unknown}
 C - a scroll of recharging {unknown}
 D - a scroll of remove curse
 F - 2 scrolls of amnesia {unknown}
 M - 3 scrolls of blinking {unknown}
 N - a scroll of fog {unknown}
 P - a scroll of enchant armour {unknown}
Potions
 d - 3 potions of cancellation
 g - 2 potions of resistance {unknown}
 i - a potion of mutation {unknown}
 l - a potion of flight {unknown}
 o - 3 potions of heal wounds {unknown}
 r - a potion of haste {unknown}
 A - a potion of degeneration
 B - 2 potions of brilliance
 O - a potion of curing {unknown}
 R - a potion of lignification {unknown}
Books
 b - a book of Conjurations

   Spells                             Type                      Level
   a - Magic Dart                     Conjuration                  1
   b - Searing Ray                    Conjuration                  2
   c - Dazzling Spray                 Conjuration/Hexes            3
   d - Fulminant Prism                Conjuration/Hexes            4
   e - Force Lance                    Conjuration/Translocation    4
   f - Iskenderun's Mystic Blast      Conjuration                  4
Comestibles
 c - 8 bread rations
 h - 3 fruits
 w - 2 meat rations
 J - 2 royal jellies


   Skills:
 + Level 1.8 Fighting
 + Level 6.1 Dodging
 - Level 2.4 Stealth
 + Level 12.2 Spellcasting
 + Level 11.8 Conjurations


You had 18 spell levels left.
You knew the following spells:

 Your Spells              Type           Power        Failure   Level  Hunger
a - Magic Dart            Conj           ####         1%          1    None
e - Iskenderun's Mystic   Conj           ########     1%          4    None
f - Force Lance           Conj/Tloc      #######.     1%          4    None
p - Fulminant Prism       Conj/Hex       #######...   1%          4    None
r - Searing Ray           Conj           ######       1%          2    None


Dungeon Overview and Level Annotations

Branches:
Dungeon (8/15)
 Temple: D:4-7         Lair: D:8-11

Altars:
Dithmenos
Hepliaklqana
Kikubaaqudgha
Qazlal
Trog
Uskayaw
The Shining One


Message History

Press: ? - help, Shift-Dir - straight line You feel a surge of power!
Something hits you!
* * * LOW HITPOINT WARNING * * *
Something barely misses you.
It was a potion of brilliance.
You feel clever all of a sudden. Something hits you.
* * * LOW HITPOINT WARNING * * *
Casting: Force Lance
Confirm with . or Enter, or press ? or * to list all spells.
Aiming: Searing Ray
Press: ? - help, Shift-Dir - straight line You feel a surge of power! (Press . to maintain the ray.)
Something hits you but does no damage. Something hits you.
* * * LOW HITPOINT WARNING * * *
You block something's attack.
The searing ray hits something.
Something hits you!
You die...

##.########. ***
######[.......... **,**
#..).........###.
**,*,**#.####..####.# #.
*******,###.##)####..#
#.###.
*,,,,,,.)........##..#
#.....
*,****#.#.#.####.##..#
###... *,*
*##.<.#####)###.# #.#†
*,* *......>@{..#
#.######.#. *,*
*.#...####..###........#.
*,* *,##,**
#............##. *,*
*,**,* #..###.#####.#..
*,* *,**,*
*#..#*#,*#....... *,*
*,**,****P.♣♣,.....#####.
*,* *,**,,,,*♣≈♣**..##,*
#. *,*
*,*******♣≈P**,,,,,* #.
*,****,*** **,≈**,***,*
#†


There were no monsters in sight!

Vanquished Creatures
  A two-headed ogre (D:8)
  Pikel (D:8)
  The ghost of Duffy the Chopper, a novice NaFi (D:5)
  Joseph (D:7)
  Sigmund (D:6)
  Edmund (D:4)
  3 sky beasts
  2 slaves (D:8)
  A phantom (D:3)
  2 ogres
  2 elf zombies (Ossuary)
  A bullfrog (D:6)
  A big kobold (D:8)
  6 killer bees (D:8)
  5 scorpions
  A bullfrog zombie (D:5)
  2 crimson imps
  A quasit (D:8)
  A centaur zombie (D:6)
  A jelly (D:7)
  2 bullfrog skeletons
  5 hounds
  2 orc priests
  4 orc wizards
  Terence (D:3)
  Natasha (thrice) (D:3 D:5)
  2 iguanas
  4 worker ants
  A big kobold zombie (Ossuary)
  3 mummies
  A hound zombie (D:6)
  A hound skeleton (D:4)
  3 gnolls (D:5)
  9 adders
  A shadow imp (D:8)
  An adder zombie (Ossuary)
  2 adder skeletons
  3 worms
  3 dart slugs
  4 leopard geckos
  24 orcs
  2 ball pythons
  3 giant cockroaches
  7 goblins
  6 hobgoblins
  10 jackals
  4 quokkas (D:4)
  8 bats
  10 frilled lizards
  A giant cockroach zombie (D:5)
  A goblin zombie (Ossuary)
  9 hobgoblin zombies (Ossuary)
  A jackal skeleton (D:5)
  3 jackal zombies (Ossuary)
  7 kobolds
  11 kobold zombies (Ossuary)
  7 orc zombies (Ossuary)
  A quokka skeleton (D:4)
  5 rats
  2 rat zombies (Ossuary)
212 creatures vanquished.

Vanquished Creatures (others)
  A slave (D:8)
  A bullfrog (D:8)
  An orc (D:8)
  10 fulminant prisms
  A plant (D:8)
14 creatures vanquished.

Grand Total: 226 creatures vanquished

Notes
Turn   | Place    | Note
-------+----------+-------------------------------------------
     0 | D:1      | vuev the Deep Elf Conjurer began the quest for the Orb.
     0 | D:1      | Reached XP level 1. HP: 10/10 MP: 6/6
   464 | D:1      | Reached XP level 2. HP: 15/15 MP: 4/8
   511 | D:1      | Learned a level 2 spell: Searing Ray
   741 | D:1      | Reached skill level 5 in Conjurations
  1831 | D:2      | Reached XP level 3. HP: 19/19 MP: 5/9
  2315 | D:3      | Noticed Terence
  2319 | D:3      | Killed Terence
  2319 | D:3      | Reached XP level 4. HP: 16/24 MP: 6/11
  2559 | D:3      | Noticed Natasha
  2563 | D:3      | Killed Natasha
  3014 | D:3      | Reached XP level 5. HP: 28/28 MP: 6/12
  3071 | D:3      | Noticed a phantom
  3078 | D:3      | Learned a level 4 spell: Iskenderun's Mystic Blast
  3146 | D:3      | Reached skill level 4 in Spellcasting
  3315 | D:3      | Found a hazy altar of Hepliaklqana.
  3509 | D:3      | Killed a phantom
  3818 | D:3      | Reached XP level 6. HP: 32/32 MP: 10/15
  4129 | D:4      | Reached skill level 5 in Spellcasting
  4962 | D:4      | Reached XP level 7. HP: 36/36 MP: 9/17
  5050 | D:4      | Reached skill level 6 in Spellcasting
  5082 | D:4      | Noticed Edmund
  5095 | D:4      | Killed Edmund
  5296 | D:4      | Found a stormy altar of Qazlal.
  5459 | D:5      | Entered Level 5 of the Dungeon
  5836 | D:5      | Noticed Duffy's ghost (novice NaFi)
  5900 | D:5      | Killed Duffy's ghost
  5900 | D:5      | Reached skill level 7 in Spellcasting
  5900 | D:5      | Reached XP level 8. HP: 24/42 MP: 3/21
  6070 | D:5      | Noticed Natasha
  6077 | D:5      | Killed Natasha
  6108 | D:5      | Noticed Natasha
  6110 | D:5      | Killed Natasha
  6110 | D:5      | Reached skill level 1 in Fighting
  6346 | D:5      | Reached skill level 8 in Spellcasting
  6679 | D:5      | Learned a level 4 spell: Force Lance
  6684 | D:5      | Learned a level 4 spell: Fulminant Prism
  7208 | D:6      | Found a hide-covered altar of Uskayaw.
  7228 | D:6      | Found an ancient bone altar of Kikubaaqudgha.
  7228 | D:6      | Found a bloodstained altar of Trog.
  7305 | D:6      | Reached skill level 9 in Spellcasting
  7415 | D:6      | Found a glowing golden altar of the Shining One.
  7526 | D:6      | Found a shadowy altar of Dithmenos.
  7572 | D:6      | Noticed Sigmund
  7578 | D:6      | Killed Sigmund
  7578 | D:6      | Reached skill level 5 in Dodging
  7578 | D:6      | Reached skill level 10 in Conjurations
  8155 | D:7      | Reached XP level 9. HP: 47/47 MP: 19/24
  8526 | D:7      | Noticed Joseph
  8561 | D:7      | Killed Joseph
  8561 | D:7      | Reached skill level 10 in Spellcasting
  9091 | D:8      | Found a sand-covered staircase.
  9151 | Ossuary  | Entered an ossuary
 10063 | D:8      | Noticed a two-headed ogre
 10076 | D:8      | Killed a two-headed ogre
 10076 | D:8      | Reached skill level 11 in Spellcasting
 10435 | D:8      | Noticed Pikel
 10553 | D:8      | Killed Pikel
 10553 | D:8      | Reached skill level 12 in Spellcasting
 10553 | D:8      | Reached XP level 10. HP: 53/53 MP: 18/28
 11051 | D:8      | Slain by an unseen horror

Vault maps used:
D:1:      dpeg_arrival_arbitrary_c
D:2:      first_bread, kennysheep_generic_room_9
D:3:      lemuel_doored_altar, uniq_natasha, uniq_terence
D:4:      nicolae_qazlal_eye_of_the_storm, hangedman_decor_riveting, uniq_edmund
D:5:      kb_forest_paths
D:6:      grunt_temple_overflow_open, old_standard_altar, lemuel_crystal_altar,
          basic_altar, uniq_sigmund
D:7:      minmay_temple_entry_from_below_b, uniq_joseph
D:8:      serial_bayou, serial_bayou_pond_d, serial_bayou_crossing,
          serial_bayou_pond_e, serial_bayou_shore_b, gup_ossuary_entry_pyramid,
          uniq_pikel
Ossuary:  ossuary_tomb_1

Skill      XL: |  1  2  3  4  5  6  7  8  9 |
---------------+----------------------------+-----
Conjurations   | 5 6 7 9 10 11 | 11.8
Spellcasting   | 4 5 7 9 12 | 12.2
Dodging        | 3 4 5 6 |  6.1
Fighting       | 1 |  1.8
Stealth        | |  2.4

Action                   |  1- 3 |  4- 6 |  7- 9 | 10-12 || total
-------------------------+-------+-------+-------+-------++-------
Melee: Unarmed           |       |       |     1 |       ||     1
 Cast: Magic Dart        |    47 |    31 |    50 |     2 ||   130
       Searing Ray       |     7 |    39 |    88 |    11 ||   145
       Iskenderun's Myst |       |       |    28 |     2 ||    30
       Fulminant Prism   |       |       |    10 |       ||    10
       Force Lance       |       |       |     8 |     1 ||     9
Evoke: Wand              |       |       |     6 |       ||     6
  Use: Scroll            |       |     5 |     2 |       ||     7
       Potion            |       |       |     1 |     1 ||     2
  Eat: Chunk             |     4 |     9 |     7 |     2 ||    22
       Meat ration       |       |       |     1 |       ||     1
       Fruit             |       |       |     5 |       ||     5
Armor: Robe              |     4 |     2 |     7 |     5 ||    18
Dodge: Dodged            |    10 |    10 |    53 |    24 ||    97
Block: Other             |       |     1 |     6 |     4 ||    11
